 Dungeon Crawl Stone Soup version 0.28.0-53-g5a82cb258f (webtiles) character file.

Game seed: 10687247226449935689

569 SanguineChosen the Shield-Bearer (level 7, -1/44 HPs)
             Began as a Gargoyle Fighter on July 21, 2022.
             Was an Initiate of Trog.
             Slain by Soldner's ghost (9 damage)
             ... on level 3 of the Dungeon.
             The game lasted 00:08:32 (5120 turns).

SanguineChosen the Shield-Bearer (Gargoyle Fighter) Turns: 5120, Time: 00:08:33

Health: -1/44      AC: 12    Str: 21    XL:     7   Next: 33%
Magic:  7/7        EV:  9    Int:  9    God:    Trog [......]
Gold:   142        SH:  9    Dex:  9    Spells: 6/6 levels left

rFire   + . .      SeeInvis .   a - +0 flail
rCold   . . .      Faith    .   c - +0 buckler
rNeg    + . .      Spirit   .   b - +0 scale mail
rPois   ∞          Reflect  +   (no helmet)
rElec   +          Harm     .   (no cloak)
rCorr   .          Rampage  .   (no gloves)
Will    .....                   (no boots)
Stlth   ..........              i - amulet of reflection
HPRegen 0.14/turn               j - ring of protection from fire
MPRegen 0.10/turn               (no ring)

@: mighty
A: sickness immunity, AC +4, negative energy resistance 1, electricity
resistance, torment resistance 1, petrification resistance
a: Renounce Religion


You were on level 3 of the Dungeon.
You worshipped Trog.
Trog was noncommittal.
You visited 1 branch of the dungeon, and saw 4 of its levels.

You collected 202 gold pieces.
You spent 60 gold pieces at shops.

Inventory:

Hand Weapons
 a - a +0 flail (weapon)
Armour
 b - a +0 scale mail (worn)
 c - a +0 buckler (worn)
 f - a +2 leather armour of fire resistance
Jewellery
 g - an amulet of guardian spirit
 i - an amulet of reflection (around neck)
 j - a ring of protection from fire (left hand)
Scrolls
 o - 6 scrolls of identify
 p - a scroll of acquirement {unknown}
 r - a scroll of magic mapping {unknown}
 s - a scroll of blinking {unknown}
 t - a scroll of noise {unknown}
 u - a scroll of fear {unknown}
 v - a scroll of immolation {unknown}
Potions
 e - a potion of invisibility {unknown}
 h - 2 potions of curing {unknown}
 k - a potion of mutation {unknown}
 l - a potion of haste {unknown}
 m - a potion of resistance {unknown}
 n - a potion of flight {unknown}
 q - a potion of cancellation {unknown}


   Skills:
 + Level 4.7 Fighting
 + Level 4.9 Maces & Flails
 + Level 4.6 Armour
 + Level 1.5 Dodging
 + Level 1.0 Stealth
 + Level 5.0 Shields


You had 6 spell levels left.
You didn't know any spells.
Your spell library contained the following spells:

 Spells                   Type           Power      Damage    Failure   Level
 Animate Armour           Summ/Erth      0%         N/A       100%        4
 Blade Hands              Tmut           0%         N/A       100%        5
 Iron Shot                Conj/Erth      0%         9d1       100%        6


Dungeon Overview and Level Annotations

Branches:
Dungeon (4/15)
 Temple: D:4-7

Altars:
Trog

Shops:
D:3 ?(*

Annotations:
D:3 Soldner's ghost, amateur HOFi


Innate Abilities, Weirdness & Mutations

You are immune to sickness and miasma.
Your stone body is resilient. (AC +4)
You are immune to poison.
You resist negative energy. (rN+)
You are resistant to electric shocks. (rElec)
You are resistant to unholy torment.
You are immune to petrification.


Message History

There is a stone staircase leading down here.
You start resting.
HP restored.
You climb downwards.
Level annotation: Soldner's ghost, amateur HOFi Soldner's ghost hits you but does no damage.
You block Soldner's ghost's attack.
There is a stone staircase leading up here.
You closely miss Soldner's ghost. Soldner's ghost hits you!
You completely miss Soldner's ghost. You block Soldner's ghost's attack.
You hit Soldner's ghost.
Soldner's ghost is lightly damaged.
You block Soldner's ghost's attack.
You hit Soldner's ghost but do no damage.
Soldner's ghost is lightly damaged.
Soldner's ghost hits you but does no damage.
Soldner's ghost whispers, "Everlasting silence awaits you..."
Soldner's ghost hits you!
You completely miss Soldner's ghost.
Soldner's ghost is lightly damaged.
You block Soldner's ghost's attack.
You closely miss Soldner's ghost.
Soldner's ghost is lightly damaged.
You block Soldner's ghost's attack.
You barely miss Soldner's ghost.
Soldner's ghost is lightly damaged.
You block Soldner's ghost's attack. You block Soldner's ghost's attack.
You climb upwards.
There is a stone staircase leading down here.
You closely miss Soldner's ghost.
Soldner's ghost is lightly damaged.
Soldner's ghost misses you.
You closely miss Soldner's ghost.
Soldner's ghost is lightly damaged.
Soldner's ghost hits you!
* * * LOW HITPOINT WARNING * * *
You feel very mighty all of a sudden. Soldner's ghost hits you!
You die...

P♣≈≈P≈≈≈♣♣P.≈###.#........###.###
.≈.≈≈≈≈..≈≈≈..##.###########...#
P♣♣♣♣.≈≈♣♣P♣P.##'## ###.#.## ♣♣
♣P≈P♣♣♣♣♣.....## #...#... ♣♣≈≈♣
##.....## #.#####. ♣≈≈♣♣
##.......## ##...#...
####♣P≈≈♣###.........####....#.##
....♣P.≈♣..'....W....'.........#
####....####....@[...####....###
#.#.## ##.....>.## ##.#.# #.###
##.....## ###.# #.##### ##...##
#.# #.....# ###'##### #.# #####.#
#.......# #.# #.# #.#.###.# #.#
####.#####.#.###.# #.#
#.............##.#######.#


You could see Soldner's ghost.

Vanquished Creatures
  An ogre (D:4)
  A centaur (D:4)
  A gnoll sergeant (D:3)
  2 scorpions (D:4)
  A howler monkey (D:4)
  A hound (D:4)
  8 adders
  An ufetubus (D:4)
  An adder skeleton (D:4)
  A dart slug (D:4)
  2 orcs
  6 endoplasms
  6 giant cockroaches
  10 goblins
  5 hobgoblins
  2 jackals (D:2)
  5 kobolds
  3 quokkas
  3 ball pythons (D:2)
  2 bats
  A frilled lizard (D:2)
  A quokka skeleton (D:4)
  10 rats
74 creatures vanquished.

Notes
Turn   | Place    | Note
-------+----------+-------------------------------------------
     0 | D:1      | SanguineChosen the Gargoyle Fighter began the quest for the
                  | Orb.
     0 | D:1      | Reached XP level 1. HP: 14/14 MP: 1/1
   304 | D:1      | Reached XP level 2. HP: 19/19 MP: 2/2
   574 | D:1      | Found a faded altar of an unknown god.
  1007 | D:2      | Reached XP level 3. HP: 23/23 MP: 3/3
  1368 | D:2      | Found a bloodstained altar of Trog.
  1374 | D:2      | Became a worshipper of Trog the Wrathful
  1605 | D:2      | Reached XP level 4. HP: 20/28 MP: 4/4
  2555 | D:3      | Reached skill level 4 in Shields
  2608 | D:3      | Found Vymept's Assorted Antiques.
  2611 | D:3      | Found Ciore's Weapon Shoppe.
  2698 | D:3      | Found Rafyf's Magic Scroll Shop.
  2708 | D:3      | Bought a scroll of identify for 20 gold pieces
  2708 | D:3      | Bought a scroll of identify for 20 gold pieces
  2708 | D:3      | Bought a scroll of identify for 20 gold pieces
  3180 | D:4      | Noticed an ogre
  3198 | D:4      | Killed an ogre
  3199 | D:4      | Reached skill level 1 in Dodging
  3199 | D:4      | Reached XP level 5. HP: 27/33 MP: 5/5
  3273 | D:4      | Found a runed translucent gate.
  3274 | D:4      | Found a runed translucent gate.
  3274 | D:4      | Noticed Soldner's ghost (amateur HOFi)
  3275 | D:4      | Found a runed translucent gate.
  3377 | D:4      | Noticed a centaur
  3383 | D:4      | Killed a centaur
  3384 | D:4      | Reached XP level 6. HP: 10/39 MP: 6/6
  4275 | D:4      | Reached XP level 7. HP: 44/44 MP: 7/7
  4631 | D:4      | Reached skill level 1 in Stealth
  4945 | D:3      | Reached skill level 5 in Shields
  5120 | D:3      | Slain by Soldner's ghost

Illustrated notes

Levels and vault maps discovered:
D:1:      heliophobic_arrival_battle_scene, layout_loops_ring,
          shapermc_ecumenical_altar_totnotflames
D:2:      layout_basic, basic_altar, minmay_misc_feat_five
D:3:      layout_loops_corners, serial_shops, shop, nicolae_lakefront_shop,
          nicolae_shop_statue_plus, mrwooster_statue_mirror,
          nicolae_concentric_dashed_squares_mild, serial_bayou_crossing
D:4:      layout_basic, gammafunk_ghost_split

Skill      XL: |  1  2  3  4  5  6  7 |
---------------+----------------------+-----
Maces & Flails | 3 4 |  4.9
Fighting       | 4 |  4.7
Shields        | 4 5 |  5.0
Armour         | 4 |  4.6
Dodging        | 1 |  1.5
Stealth        | 1 |  1.0

Action                   |  1- 3 |  4- 6 |  7- 9 || total
-------------------------+-------+-------+-------++-------
Melee: Flail             |    84 |   173 |    52 ||   309
  Use: Potion            |       |       |     1 ||     1
Armor: Scale mail        |    29 |    78 |    24 ||   131
Dodge: Dodged            |    24 |    81 |    22 ||   127
Block: Buckler           |    39 |    85 |    38 ||   162
       Reflection        |     1 |     5 |       ||     6
